 Dungeon Crawl Stone Soup version 0.26.1-10-gdfb7c7de75 (webtiles) character file.

Game seed: 18177321728323588946

221 Cykl0x the Shield-Bearer (level 5, 0/47 HPs)
             Began as a Minotaur Fighter on Apr 5, 2021.
             Was a Follower of Zin.
             Killed from afar by Sigmund (6 damage)
             ... with a puff of flame
             ... on level 3 of the Dungeon.
             The game lasted 00:03:27 (1911 turns).

Cykl0x the Shield-Bearer (Minotaur Fighter)         Turns: 1911, Time: 00:03:27

Health: 0/47       AC:  7    Str: 21    XL:     5   Next: 65%
Magic:  5/5        EV:  8    Int:  5    God:    Zin [*.....]
Gold:   121        SH:  9    Dex: 10    Spells: 4/4 levels left

rFire    . . .     SeeInvis .   a - +0 long sword
rCold    . . .     Faith    .   c - +0 kite shield
rNeg     . . .     Spirit   .   b - +0 scale mail
rPois    .         Reflect  .   (helmet restricted)
rElec    .         Harm     .   (no cloak)
rCorr    .         Rampage  .   (no gloves)
Will     .....                  (no boots)
Stlth    ..........             (no amulet)
HPRegen  0.15/turn              (no ring)
MPRegen  0.09/turn              (no ring)

@: mighty, lethally poisoned (0 -> -10), about to teleport
A: retaliatory headbutt, horns 2
a: Renounce Religion, Recite, Donate Gold


You were on level 3 of the Dungeon.
You worshipped Zin.
Zin was aware of your devotion.
You visited 1 branch of the dungeon, and saw 3 of its levels.

You collected 134 gold pieces.
You donated 13 gold pieces to Zin.

Inventory:

Hand Weapons
 a - a +0 long sword (weapon)
 l - a +0 short sword of venom
Missiles
 f - 76 stones
 p - 9 poisoned darts (quivered)
Armour
 b - a +0 scale mail (worn)
 c - a +0 kite shield (worn)
Jewellery
 n - an uncursed ring of willpower {unknown}
Scrolls
 g - a scroll of blinking {unknown}
 h - 2 scrolls of teleportation
 i - 2 scrolls of magic mapping {unknown}
 j - a scroll of enchant weapon {unknown}
 k - a scroll of amnesia {unknown}
 o - a scroll of immolation {unknown}
 q - 3 scrolls of identify {unknown}
Potions
 m - 2 potions of magic


   Skills:
 + Level 4.3 Fighting
 + Level 3.9 Long Blades
 + Level 0.6 Throwing
 + Level 4.4 Armour
 * Level 2.1 Dodging
 + Level 4.5 Shields
 * Level 1.9 Invocations


You had 4 spell levels left.
You didn't know any spells.
Your spell library was empty.

Dungeon Overview and Level Annotations

Branches:
Dungeon (3/15)

Altars:
Cheibriados
Elyvilon
Xom
Zin

Annotations:
D:3 Sigmund


Innate Abilities, Weirdness & Mutations

You reflexively headbutt those who attack you in melee.
You have a pair of horns on your head.


Message History

Okay, then.
Okay, then.
As you read the scroll labelled VUDURU BATOCER, it crumbles to dust.
You feel strangely unstable.
It was a scroll of teleportation.
* * * LOW HITPOINT WARNING * * *
You feel sick. The orc priest barely misses you.
Unknown command.
* * * LOW HITPOINT WARNING * * *
You feel sick. You block the gnoll zombie's attack.
You slash the gnoll zombie! You headbutt the gnoll zombie.
You destroy the gnoll zombie!
Zin accepts your kill.
* * * LOW HITPOINT WARNING * * *
You feel sick. The orc priest barely misses you. You furiously retaliate!
You headbutt the orc priest.
You riposte.
You hit the orc priest.
You kill the orc priest!
You hear some strange, mumbled words.
A puff of flame appears from out of thin air!
The puff of flame hits you.
You die...

## # .# # .. ### .# ##.#.
#.. .# .(..#.###.## ####
.#.>.(........# .....
......((.....w####......
............#{{)@.......
..............####......
............### .....
.#............## ##########
... .......o#[.###........#
....?.........###..######..
.....#............########.#
..##..####..................
..# # .........##.##########


You could see a worm.

Vanquished Creatures
  An ice beast (D:2)
  An orc priest (D:3)
  2 adders (D:2)
  A gnoll (D:1)
  An ooze (D:1)
  8 worms (D:2)
  A dart slug (D:2)
  A leopard gecko (D:1)
  An orc (D:2)
  A ball python (D:1)
  12 bats
  6 giant cockroaches
  3 goblins (D:2)
  10 hobgoblins
  2 jackals (D:2)
  A quokka (D:2)
  7 frilled lizards
  2 gnoll zombies (D:3)
  10 kobolds
  5 rats
76 creatures vanquished.

Notes
Turn   | Place    | Note
-------+----------+-------------------------------------------
     0 | D:1      | Cykl0x the Minotaur Fighter began the quest for the Orb.
     0 | D:1      | Reached XP level 1. HP: 19/19 MP: 0/0
   110 | D:1      | Reached XP level 2. HP: 27/27 MP: 1/1
   435 | D:1      | Reached XP level 3. HP: 33/33 MP: 2/2
   566 | D:1      | Reached skill level 1 in Dodging
   782 | D:2      | Found a glowing silver altar of Zin.
   785 | D:2      | Noticed an angel
   801 | D:2      | Found a shimmering altar of Xom.
   803 | D:2      | Became a worshipper of Zin the Law-Giver
   902 | D:2      | Reached * piety under Zin
  1038 | D:2      | Noticed an ice beast
  1044 | D:2      | Killed an ice beast
  1045 | D:2      | Reached skill level 1 in Invocations
  1045 | D:2      | Reached XP level 4. HP: 41/41 MP: 3/3
  1045 | D:2      | Reached XP level 5. HP: 47/47 MP: 4/4
  1442 | D:2      | Found a white marble altar of Elyvilon.
  1615 | D:3      | Found a snail-covered altar of Cheibriados.
  1615 | D:3      | Noticed Sigmund
  1911 | D:3      | Killed from afar by Sigmund

Illustrated notes

Levels and vault maps discovered:
D:1:      dpeg_arrival_rooms_with_view, layout_basic, minmay_misc_feat_pillars
D:2:      layout_rooms, grunt_temple_overflow_order_and_chaos_1,
          elyvilon_altar_5
D:3:      layout_rooms, cheibriados_altar_1, lemuel_zombie_altar_yredelemnul,
          uniq_sigmund

Skill      XL: |  1  2  3  4  5 |
---------------+----------------+-----
Shields        | 4 |  4.5
Armour         | 4 |  4.4
Fighting       | 4 |  4.3
Dodging        | 1 2 |  2.1
Long Blades    | 3 |  3.9
Invocations    | 1 |  1.9
Throwing       | |  0.6

Action                   |  1- 3 |  4- 6 || total
-------------------------+-------+-------++-------
Melee: Long sword        |    99 |    73 ||   172
       Headbutt          |    11 |    15 ||    26
Throw: Stone             |    24 |       ||    24
       Dart              |       |     4 ||     4
Invok: Recite            |       |     1 ||     1
  Use: Potion            |       |     4 ||     4
       Scroll            |       |     1 ||     1
Armor: Scale mail        |    36 |    39 ||    75
Dodge: Dodged            |    24 |    26 ||    50
Block: Kite shield       |    49 |    44 ||    93
       Rpst.: Long sword |    10 |     9 ||    19
